 Dungeon Crawl Stone Soup version 0.16-a0-791-gf1c67de (webtiles) character file.

2618 RobertPalmer the Basher (level 9, -4/76 HPs)
             Began as an Ogre Transmuter on Sept 28, 2014.
             Slain by an ogre
             ... wielding a +0 giant spiked club
              (32 damage)
             ... on Level 8 of the Dungeon.
             The game lasted 00:24:36 (10825 turns).

RobertPalmer the Basher (Ogre Transmuter)          Turns: 10825, Time: 00:24:37

HP  -4/76        AC  5     Str 17      XL: 9   Next: 60%
MP  15/15        EV 12     Int 13      God:
Gold 289         SH  0     Dex 12      Spells:  2 memorised,  9 levels left

rFire  x . .     SeeInvis .     a - +0 dire flail
rCold  + . .     Clarity  .     c - +0 robe
rNeg   . . .     rCorr    .     (shield restricted)
rPois  .         rRot     .     (helmet restricted)
rElec  .         Spirit   .     j - +1 cloak
SustAb .         Warding  .     (gloves unavailable)
rMut   .         Stasis   .     (boots unavailable)
Gourm  .                        (no amulet)
MR     .....                    n - ring of ice
                                (no ring)

@: drained, not resistant to hostile enchantments, very unstealthy
A: unfitting armour, tough skin 1
a: no special abilities


You were on level 8 of the Dungeon.
You were not hungry.

You visited 2 branches of the dungeon, and saw 9 of its levels.

You collected 289 gold pieces.


Innate Abilities, Weirdness & Mutations

You are too large for most types of armour.
You have tough skin (AC +1).


   Skills:
 - Level 1.3(1.2) Fighting
 + Level 13.2(13.1) Maces & Flails
 - Level 6.3(6.2) Dodging
 - Level 2.6(2.5) Unarmed Combat
 - Level 2.4(2.3) Spellcasting
 - Level 2.0(1.9) Transmutations


You had 9 spell levels left.
You knew the following spells:

 Your Spells              Type           Power        Failure   Level  Hunger
z - Beastly Appendage     Trmt           #.....       12%         1    #......
Z - Sticks to Snakes      Trmt           #.........   17%         2    ###....

Inventory:

Hand weapons
 a - a +0 dire flail (weapon)
 b - a +0 blowgun
 i - a +0 giant club
Missiles
 p - 16 arrows of flame
 s - 38 poisoned needles
 u - 4 curare-tipped needles
 y - 57 arrows
Armour
 c - a +0 robe (worn)
 j - a +1 cloak (worn)
Comestibles
 m - 4 meat rations
 A - 2 fruits
Scrolls
 e - a scroll of enchant armour
 t - 2 scrolls of immolation {!r}
 v - a scroll of remove curse
 B - 2 scrolls of fear
Jewellery
 n - a ring of ice (right hand)
 r - an uncursed ring of stealth
Potions
 f - 2 potions of flight
 k - a potion of brilliance
 o - a potion of poison {unknown}
 q - 2 potions of curing
 w - 2 potions of agility
 C - a potion of haste
Books
 d - a book of Changes
 g - a book of Enchantments

Dungeon Overview and Level Annotations

Branches:
Dungeon (8/15)             Temple (1/1) D:7            Lair (0/8) D:8

Altars:
Ashenzari
Cheibriados
Dithmenos
Elyvilon
Fedhas
Kikubaaqudgha
Makhleb
Nemelex Xobeh
Okawaru
Qazlal
Ru
Sif Muna
Trog
Vehumet
Xom
Yredelemnul
Zin
The Shining One

Shops:
D:5 [:?*

Portals:
Bailey: D:8

Annotations:
D:6 Grinder

. .# .# (# (#
.#### (...#
##O...###
#####@......#
#.<)..........
#.###...[...#
# #. ##....###
#. ..$... ##
#. .##### . #.
.# #. .# #. .
.###


You could see an ogre.


Message History

The ogre shouts!
Things that are here:
a runed falchion; a robe Throwing (i - inventory):
l - 2 javelins (quivered)
Aim: an ogre, wielding a giant spiked club You throw a javelin.
The javelin hits the ogre.
The ogre is moderately wounded.
Throwing (i - inventory):
l - a javelin (quivered)
Aim: an ogre, wielding a giant spiked club (moderately wounded)
You throw a javelin. The javelin hits the ogre!
The ogre is heavily wounded.
b - a +0 blowgun (weapon)
Firing (i - inventory. (,) - cycle):
s - 40 poisoned needles (quivered)
Aim: an ogre, wielding a giant spiked club (heavily wounded)
You shoot a poisoned needle. The poisoned needle hits the ogre!
The ogre is poisoned.
The ogre is heavily wounded.
Firing (i - inventory. (,) - cycle):
s - 39 poisoned needles (quivered)
Aim: an ogre, wielding a giant spiked club (severely wounded, poisoned)
You shoot a poisoned needle. The poisoned needle hits the ogre!
The ogre looks even sicker.
The ogre is severely wounded.
The ogre hits you with a giant spiked club!
* * * LOW HITPOINT WARNING * * *
a - a +0 dire flail (weapon)
Unknown command.
You barely miss the ogre.
The ogre is severely wounded.
The ogre hits you with a giant spiked club!!
You die...

Action                   |  1- 3 |  4- 6 |  7- 9 || total
-------------------------+-------+-------+-------++-------
Melee: Unarmed           |   114 |    86 |       ||   200
       Club              |       |   110 |       ||   110
       Flail             |       |    92 |   136 ||   228
       Whip              |       |       |    62 ||    62
       Giant club        |       |       |    39 ||    39
       Dire flail        |       |       |   132 ||   132
 Fire: Blowgun           |       |       |    83 ||    83
Throw: Javelin           |     8 |    17 |    11 ||    36
       Throwing net      |       |     1 |       ||     1
 Cast: Beastly Appendage |    15 |    12 |     4 ||    31
       Sticks to Snakes  |       |    11 |     3 ||    14
  Use: Potion            |     2 |     3 |       ||     5
       Scroll            |       |     4 |    13 ||    17
 Stab: Sleeping          |       |     1 |     1 ||     2
       Held in net/web   |       |     1 |       ||     1
  Eat: Bread ration      |       |     2 |     1 ||     3
       Pizza             |       |     1 |       ||     1
       Chunk             |       |     8 |    12 ||    20
       Fruit             |       |       |     1 ||     1

Vault maps used:
D:1:      dpeg_arrival_round_b
D:2:      grunt_temple_overflow_open, hangedman_glass_teeth, uniq_sigmund
D:3:      first_bread, minmay_misc_feat_roman, grunt_ministairs_5
D:4:      lemuel_crystal_altar
D:5:      serial_shops, nicolae_shop_waterfront, shop, shop, shop, st_stairs_3
D:6:      nicolae_overflow_hidden_temple, st_stairs_3, uniq_grinder,
          uniq_natasha, uniq_pikel
D:7:      minitemple, kennysheep_little_box, temple_green
D:8:      nicolae_dithmenos_shadow_blocks, david_lair_generic, enter_bailey_8
Temple:   temple_island_7

Notes
Turn   | Place    | Note
--------------------------------------------------------------
     0 | D:1      | RobertPalmer, the Ogre Transmuter, began the quest for the Orb.
     0 | D:1      | Reached XP level 1. HP: 19/19 MP: 3/3
   239 | D:1      | Reached skill level 2 in Transmutations
   239 | D:1      | Reached XP level 2. HP: 25/27 MP: 3/5
   467 | D:1      | Reached skill level 1 in Maces & Flails
   799 | D:2      | Reached skill level 2 in Maces & Flails
   819 | D:1      | Learned a level 2 spell: Sticks to Snakes
   922 | D:2      | Reached XP level 3. HP: 29/33 MP: 4/6
  1052 | D:2      | Reached skill level 3 in Maces & Flails
  1081 | D:2      | HP: 3/33 [poisoned by an adder]
  1083 | D:2      | HP: 1/33 [poisoned by an adder]
  1300 | D:2      | Reached XP level 4. HP: 21/41 MP: 6/8
  1426 | D:2      | Noticed Sigmund
  1590 | D:2      | Found an iron altar of Okawaru.
  1591 | D:2      | Found a glowing golden altar of the Shining One.
  1637 | D:2      | Reached skill level 4 in Maces & Flails
  2283 | D:2      | Killed Sigmund
  2283 | D:2      | Reached skill level 5 in Maces & Flails
  2283 | D:2      | Reached XP level 5. HP: 39/48 MP: 0/9
  3096 | D:2      | Reached skill level 6 in Maces & Flails
  3284 | D:3      | Noticed a sky beast
  4069 | D:3      | Killed a sky beast
  4069 | D:3      | Reached skill level 7 in Maces & Flails
  4069 | D:3      | Reached XP level 6. HP: 19/55 MP: 11/11
  4649 | D:3      | Reached skill level 8 in Maces & Flails
  5494 | D:4      | Found an ancient bone altar of Kikubaaqudgha.
  5781 | D:5      | Entered Level 5 of the Dungeon
  6117 | D:5      | Reached XP level 7. HP: 25/62 MP: 12/12
  6429 | D:5      | Found Wastamn's Magic Scroll Emporium.
  6477 | D:5      | Reached skill level 9 in Maces & Flails
  6505 | D:5      | Found Zyosic's Antique Armour Boutique.
  6662 | D:5      | Found Iwa Skiz's Book Shoppe.
  6767 | D:5      | Found Ghuadd's Assorted Antiques.
  7192 | D:5      | Reached skill level 10 in Maces & Flails
  7293 | D:6      | Noticed Natasha
  7296 | D:6      | Noticed Grinder
  7302 | D:6      | Killed Natasha
  7302 | D:6      | Paralysed by Grinder for 6 turns
  7456 | D:6      | Reached skill level 2 in Dodging
  7650 | D:6      | Found a burning altar of Makhleb.
  7701 | D:6      | Noticed Pikel
  7742 | D:6      | Killed Pikel
  7742 | D:6      | Reached skill level 5 in Dodging
  7742 | D:6      | Reached XP level 8. HP: 48/70 MP: 14/14
  8090 | D:6      | Reached skill level 6 in Dodging
  8401 | D:7      | Found a staircase to the Ecumenical Temple.
  8591 | Temple   | Entered the Ecumenical Temple
  8715 | D:7      | Found a shattered altar of Ashenzari.
  8715 | D:7      | Found a sparkling altar of Nemelex Xobeh.
  8715 | D:7      | Found a shimmering altar of Xom.
  8717 | D:7      | Found a bloodstained altar of Trog.
  8721 | D:7      | Found a snail-covered altar of Cheibriados.
  8883 | D:7      | Reached skill level 11 in Maces & Flails
  8883 | D:7      | Reached XP level 9. HP: 38/76 MP: 15/15
  9370 | D:7      | Reached skill level 12 in Maces & Flails
  9677 | D:7      | Found a basalt altar of Yredelemnul.
 10384 | D:8      | Found a shadowy altar of Dithmenos.
 10430 | D:8      | Found a staircase to the Lair.
 10430 | D:8      | Noticed an elephant
 10473 | D:8      | Found a flagged portal.
 10541 | D:8      | Reached skill level 13 in Maces & Flails
 10825 | D:8      | Slain by an ogre

Vanquished Creatures
  Pikel (D:6)
  A water moccasin (D:6)
  2 orc warriors
  A sky beast (D:3)
  3 slaves (D:6)
  An ice beast (D:7)
  An ogre (D:7)
  Sigmund (D:2)
  3 centaurs
  A giant frog (D:8)
  A yak zombie (D:7)
  7 wights
  2 goliath beetles
  3 crimson imps
  3 hounds
  A jelly (D:5)
  4 orc priests
  4 orc wizards
  5 worker ants
  Natasha (D:6)
  A sky beast zombie (D:5)
  A hound skeleton (D:8)
  A worker ant zombie (D:5)
  9 adders
  3 gnolls
  An inept item mimic (D:2)
  3 giant mites
  2 adder zombies (D:5)
  3 giant geckos
  2 oozes
  19 orcs
  20 bats
  6 giant cockroaches
  9 hobgoblins
  8 jackals
  12 kobolds
  2 ball pythons
  2 giant gecko skeletons
  5 giant newts
  9 goblins
  A hobgoblin skeleton (D:5)
  A kobold zombie (D:5)
  A quokka (D:2)
  16 rats
  A rat skeleton (D:4)
  A ballistomycete (D:7)
185 creatures vanquished.

Vanquished Creatures (collateral kills)
  A giant cockroach (D:2)
  A hobgoblin (D:2)
2 creatures vanquished.

Vanquished Creatures (others)
  A slave (D:6)
  A giant spore (D:7)
2 creatures vanquished.

Grand Total: 189 creatures vanquished
